 Dungeon Crawl Stone Soup version 0.26-a0-651-gb41185065b (webtiles) character file.

Game seed: 4864138904539511329

284 Lanoc the Firebug (level 6, -1/32 HPs)
             Began as a Deep Elf Fire Elementalist on Oct 9, 2020.
             Killed by nerve-wracking pain
             ... invoked by Grinder
              (4 damage)
             ... while paralysed by Grinder
             ... on level 4 of the Dungeon.
             The game lasted 00:03:58 (2176 turns).

Lanoc the Firebug (Deep Elf Fire Elementalist)      Turns: 2176, Time: 00:03:58

Health: -1/32      AC:  2    Str:  2 (5)  XL:     6   Next: 7%
Magic:  10/11      EV:  2    Int: 17 (20) God:
Gold:   97         SH:  0    Dex: 13 (15) Spells: 6/11 levels left

rFire    . . .     SeeInvis .   f - +2 whip (vamp)
rCold    . . .     Faith    .   (no shield)
rNeg     . . .     Spirit   .   a - +0 robe
rPois    .         Reflect  .   (no helmet)
rElec    .         Harm     .   (no cloak)
rCorr    .         Rampage  .   (no gloves)
MR       .....                  (no boots)
Stlth    +++.......             (no amulet)
HPRegen  0.10/turn              l - ring of stealth
MPRegen  0.12/turn              (no ring)

@: paralysed
A: large bone plates 1, dopey 1, low mp 1
a: no special abilities


You were on level 4 of the Dungeon.
You visited 1 branch of the dungeon, and saw 4 of its levels.

You collected 97 gold pieces.

Inventory:

Hand Weapons
 f - a +2 vampiric whip (weapon)
Armour
 a - a +0 robe (worn)
Jewellery
 l - a ring of stealth (left hand)
Wands
 i - a wand of enslavement (7)
Scrolls
 b - 2 scrolls of enchant armour {unknown}
 c - 2 scrolls of identify
 d - 2 scrolls of teleportation {unknown}
 e - a scroll of fear {unknown}
 g - a scroll of blinking {unknown}
 k - a scroll of amnesia {unknown}
Potions
 h - a potion of degeneration
 m - a potion of cancellation


   Skills:
 + Level 4.8 Dodging
 - Level 2.4 Stealth
 - Level 3.0 Spellcasting
 - Level 1.1 Conjurations
 * Level 6.4 Fire Magic


You had 6 spell levels left.
You knew the following spells:

 Your Spells              Type           Power        Failure   Level
a - Foxfire               Conj/Fire      ###.         3%          1
b - Sticky Flame          Conj/Fire      ###.....     36%         4

Your spell library contained the following spells:

 Spells                   Type           Power        Failure   Level
 Conjure Flame            Conj/Fire      ###.....     11%         3
 Inner Flame              Hex/Fire       ##......     14%         3
 Fireball                 Conj/Fire      ###.......   71%         5


Dungeon Overview and Level Annotations

Branches:
Dungeon (4/15)
 Temple: D:4-7

Altars:
Gozag
Trog

Annotations:
D:4 Grinder


Innate Abilities, Weirdness & Mutations

You are partially covered in large bone plates. (SH +4)
You are dopey. (Int -2)
Your magical capacity is low. (-10% MP)


Message History

Really quaff the potion of mutation?
You feel extremely strange.
You feel stable.
Your thinking seems confused.
You feel healthier.
You feel less energetic.
You feel stupid.
Large bone plates grow over parts of your arms.
Grinder gestures at you. Pain shoots through your body!
* * * LOW HITPOINT WARNING * * *
Grinder gestures at you.
You suddenly lose the ability to move!
Found a leather armour.
You can move again.
As you read the scroll labeled CULLUD MOCS, it crumbles to dust.
It is a scroll of identify.
m - a potion of cancellation Grinder gestures at you.
You suddenly lose the ability to move!
Grinder gestures at you. Pain shoots through your body!
You die...

... .# ..#..#
####.#..# ...
+.......#
....##...#... #
#....#...#####.#
#...........#
#####......##
[......5@.#.#
.##..####.# #
#.. .# ... .#
.### .# .# .# ##


You could see Grinder.

Vanquished Creatures
  Eustachio (D:4)
  An orc wizard (D:3)
  Ijyb (D:3)
  4 adders (D:3)
  An ooze (D:3)
  A dart slug (D:3)
  A leopard gecko (D:2)
  8 orcs (D:3)
  A giant cockroach (D:3)
  6 goblins
  4 hobgoblins
  4 jackals (D:3)
  2 bats (D:3)
  A frilled lizard (D:2)
  9 kobolds
  A rat (D:2)
46 creatures vanquished.

Vanquished Creatures (collateral kills)
  4 foxfires (D:3)
4 creatures vanquished.

Vanquished Creatures (others)
  195 foxfires
  A plant (D:3)
196 creatures vanquished.

Grand Total: 246 creatures vanquished

Notes
Turn   | Place    | Note
-------+----------+-------------------------------------------
     0 | D:1      | Lanoc the Deep Elf Fire Elementalist began the quest for
                  | the Orb.
     0 | D:1      | Reached XP level 1. HP: 10/10 MP: 6/6
    58 | D:3      | Noticed an orc wizard
   599 | D:3      | Reached XP level 2. HP: 15/15 MP: 2/8
   602 | D:3      | Reached skill level 4 in Fire Magic
   686 | D:3      | Found a bloodstained altar of Trog.
   907 | D:3      | Reached XP level 3. HP: 19/19 MP: 5/9
  1106 | D:3      | Reached XP level 4. HP: 9/24 MP: 0/10
  1277 | D:3      | Reached skill level 5 in Fire Magic
  1412 | D:3      | Learned a level 4 spell: Sticky Flame
  1538 | D:3      | Noticed Ijyb
  1546 | D:3      | Killed Ijyb
  1708 | D:3      | Found an opulent altar of Gozag.
  1800 | D:3      | Reached XP level 5. HP: 28/28 MP: 7/11
  2074 | D:4      | Noticed Eustachio
  2084 | D:4      | Killed Eustachio
  2084 | D:4      | Reached skill level 6 in Fire Magic
  2084 | D:4      | Reached XP level 6. HP: 32/32 MP: 2/12
  2160 | D:4      | Noticed Grinder
  2164 | D:4      | Paralysed by Grinder for 5 turns
  2170 | D:4      | Gained mutation: You are occasionally teleported next to
                  | monsters. [potion of mutation]
  2170 | D:4      | Gained mutation: Your body sometimes deteriorates upon
                  | taking damage. [potion of mutation]
  2170 | D:4      | Gained mutation: You possess an exceptional clarity of
                  | mind. [potion of mutation]
  2171 | D:4      | Lost mutation: You are occasionally teleported next to
                  | monsters. [potion of mutation]
  2171 | D:4      | Lost mutation: You possess an exceptional clarity of mind.
                  | [potion of mutation]
  2171 | D:4      | Lost mutation: Your body sometimes deteriorates upon taking
                  | damage. [potion of mutation]
  2171 | D:4      | Gained mutation: Your magical capacity is low. (-10% MP)
                  | [potion of mutation]
  2171 | D:4      | Gained mutation: You are dopey. (Int -2) [potion of
                  | mutation]
  2171 | D:4      | Gained mutation: You are partially covered in large bone
                  | plates. (SH +4) [potion of mutation]
  2172 | D:4      | Paralysed by Grinder for 2 turns
  2175 | D:4      | Paralysed by Grinder for 5 turns
  2176 | D:4      | Killed from afar by Grinder

Illustrated notes

Levels and vault maps discovered:
D:1:      evilmike_arrival_hilbert_curve, layout_loops_ring, serial_forest,
          infiniplex_forest_clump_medium, infiniplex_forest_clump_curved,
          infiniplex_forest_straight_4, infiniplex_forest_straight_4,
          infiniplex_forest_lined_3, serial_park_tiny_2,
          hangedman_abyss_or_decor_stabs, minmay_misc_feat_roman,
          kennysheep_crisscross, minmay_misc_feat_enclosed
D:2:      layout_loops_ring, minmay_small_reverse_x
D:3:      corexii_shack_village, layout_basic, grunt_gozag_statues,
          trog_three_pillars_becter, uniq_ijyb
D:4:      layout_basic, uniq_grinder, uniq_eustachio, uniq_menkaure,
          uniq_duvessa

Skill      XL: |  1  2  3  4  5 |
---------------+----------------+-----
Dodging        | 3 4 |  4.8
Fire Magic     | 4 5 6 |  6.4
Stealth        | |  2.4
Spellcasting   | |  3.0
Conjurations   | |  1.1

Action                   |  1- 3 |  4- 6 || total
-------------------------+-------+-------++-------
Melee: Unarmed           |     2 |       ||     2
       Whip              |     6 |       ||     6
 Cast: Foxfire           |    53 |    65 ||   118
  Use: Potion            |     2 |     3 ||     5
       Scroll            |       |     1 ||     1
 Stab: Sleeping          |     1 |       ||     1
Armor: Robe              |     1 |     1 ||     2
Dodge: Dodged            |    14 |    13 ||    27

Table legend: (Time is in decaauts)
 A = Elapsed time spent in this place.
 B = Non-inter-level travel time spent in this place.
 C = Inter-level travel time spent in this place.
 D = Time resting spent in this place.
 E = Time spent auto-exploring this place.
 F = Levels seen in this place.
 G = Mean time per level.
                   A        B        C        D        E       F      G
               +--------+--------+--------+--------+--------+-----+--------+
         Total |   2191 |   2143 |     48 |      0 |   1843 |   4 |  547.8 |
       Dungeon |   2191 |   2143 |     48 |      0 |   1843 |   4 |  547.8 |
               +--------+--------+--------+--------+--------+-----+--------+

Top non-repeatable levels by time:
     D:3: 1516 daAuts
     D:2: 554 daAuts
     D:4: 103 daAuts
     D:1: 17 daAuts
